 Dungeon Crawl Stone Soup version 0.27-a0-1140-g099f9bb0e8 (webtiles) character file.

Game seed: 2684253517761978478

90 bilbop the Magician (level 4, -4/32 HPs)
             Began as a Djinni Air Elementalist on May 10, 2021.
             Slain by a goblin
             ... wielding a +0 dagger
             ... led by Robin
              (6 damage)
             ... on level 2 of the Dungeon.
             The game lasted 00:07:12 (2666 turns).

bilbop the Magician (Djinni Air Elementalist)       Turns: 2666, Time: 00:07:12

Health: -4/32      AC:  2    Str:  7    XL:     4   Next: 56%
Gold:   30         EV: 12    Int: 16    God:
                   SH:  0    Dex: 15

rFire    + + .     SeeInvis .   c - +0 dagger
rCold    x . .     Faith    .   (no shield)
rNeg     . . .     Spirit   .   a - +0 robe
rPois    ∞         Reflect  .   (no helmet)
rElec    .         Harm     .   (no cloak)
rCorr    .         Rampage  .   (no gloves)
Will     .....                  (boots unavailable)
Stlth    ++........             (no amulet)
HPRegen  0.10/turn              (no ring)
MPRegen  0.00/turn              (no ring)

@: flying
A: sickness immunity, fire resistance 2, cold vulnerability 1, float, innate
caster, hp casting, extra vitality 1
a: no special abilities


You were on level 2 of the Dungeon.
You visited 1 branch of the dungeon, and saw 2 of its levels.

You collected 30 gold pieces.

Inventory:

Hand Weapons
 c - a +0 dagger (weapon)
Missiles
 g - 16 stones
Armour
 a - a +0 robe (worn)
Scrolls
 b - 3 scrolls of acquirement {unknown}
 d - a scroll of torment {unknown}
 e - 2 scrolls of magic mapping {unknown}
 j - a scroll of teleportation {unknown}
Potions
 f - a potion of ambrosia {unknown}
 h - a potion of flight {unknown}
 i - a potion of heal wounds {unknown}


   Skills:
 + Level 1.6 Fighting
 + Level 1.3 Long Blades
 - Level 2.1 Dodging
 + Level 2.2 Stealth
 * Level 3.4 Spellcasting


You couldn't memorise any spells.
You knew the following spells:

 Your Spells              Type           Power      Damage    Failure   Level
a - Shock                 Conj/Air       52%        1d6       4%          1
b - Static Discharge      Conj/Air       13%        N/A       6%          2
c - Swiftness             Air            13%        N/A       13%         3
d - Airstrike             Air            6%         N/A       38%         4
e - Lightning Bolt        Conj/Air       6%         1d18      75%         5
f - Sandblast             Erth           26%        2d8       4%          1
Your spell library was empty.

Dungeon Overview and Level Annotations

Branches:
Dungeon (2/15)

Altars:

Annotations:
D:2 Robin


Innate Abilities, Weirdness & Mutations

You are immune to sickness and miasma.
You are immune to poison.
Your flesh is very heat resistant. (rF++)
You are vulnerable to cold. (rC-)
You float through the air rather than walking.
You learn spells naturally, not from books.
Your magical power is your life essence.
You have superior vitality. (+4 HP)


Message History

Confirm with . or Enter, or press ? or * to list all spells.
Aiming: Shock (safe; 4% risk of failure)
Press: ? - help, Shift-Dir - straight line, f - Robin, p - goblin
Aim: Robin, wielding a +0 mace of protection, wearing a +0 animal skin and wearing a +0 helmet (77% to hit)
The zap hits the goblin.
You kill the goblin!
The zap hits the goblin.
You kill the goblin!
The zap hits Robin.
Robin is moderately wounded.
Casting: Shock (safe; 4% risk of failure)
Confirm with . or Enter, or press ? or * to list all spells.
Aiming: Shock (safe; 4% risk of failure)
Press: ? - help, Shift-Dir - straight line, p - Robin The zap hits Robin but does no damage.
Robin is moderately wounded.
Casting: Shock (safe; 4% risk of failure)
Confirm with . or Enter, or press ? or * to list all spells.
Aiming: Shock (safe; 4% risk of failure)
Press: ? - help, Shift-Dir - straight line, f - hobgoblin
Aim: a hobgoblin (strong, 68% to hit)
Okay, then.
Things that are here:
a +0 dagger; a goblin corpse Robin says, "Bow before me, strongest of all the hobgoblins!"
Robin throws the goblin at you!
You closely miss the goblin. The goblin hits you with a +0 dagger.
* * * LOW HITPOINT WARNING * * *
Casting: Shock (safe; 4% risk of failure)
Confirm with . or Enter, or press ? or * to list all spells.
Aiming: Shock (safe; 4% risk of failure)
Press: ? - help, Shift-Dir - straight line, f - goblin
Aim: a goblin, wielding a +0 dagger (strong, 60% to hit)
The zap hits the goblin.
The goblin is severely wounded.
* * * LOW HITPOINT WARNING * * *
The goblin hits you with a +0 dagger.
* * * LOW HITPOINT WARNING * * *
The goblin hits you with a +0 dagger.
You die...

# ##### # #♣.♣.♣# # #.♣.♣.#
######## # #♣..†♣# ##......#
# ..### ♣..♣♣ #..####.#####
..)...###'######...#.#...#..
).))..g.)..g'.....#.#.......
..####.g)g.@####..####.#...#
#.......# #.......###..
#######.#######.....#.# #..#
#.......# ##.## #.....###
#..# #.....# ##.# ##....#
#.## #≈...# #..# #≈≈..#


You could see Robin, a hobgoblin (strong) and 2 goblins.

Vanquished Creatures
  3 adders (D:2)
  A worm (D:2)
  6 endoplasms
  3 giant cockroaches (D:1)
  13 goblins
  4 hobgoblins
  3 jackals (D:1)
  5 kobolds (D:1)
  A quokka (D:1)
  5 ball pythons
  5 bats
  A frilled lizard (D:1)
  5 rats
55 creatures vanquished.

Vanquished Creatures (others)
  A plant (D:1)
1 creature vanquished.

Grand Total: 56 creatures vanquished

Notes
Turn   | Place    | Note
-------+----------+-------------------------------------------
     0 | D:1      | bilbop the Djinni Air Elementalist began the quest for the
                  | Orb.
     0 | D:1      | Reached XP level 1. HP: 15/15 MP: 0/0
   296 | D:1      | Found a faded altar of an unknown god.
   301 | D:1      | Reached XP level 2. HP: 17/22 MP: 0/0
   528 | D:1      | Reached skill level 3 in Spellcasting
   794 | D:1      | Reached XP level 3. HP: 23/26 MP: 0/0
   794 | D:1      | Learned a level 1 spell: Sandblast
   860 | D:1      | Reached skill level 1 in Fighting
  1881 | D:2      | Reached skill level 1 in Long Blades
  2099 | D:2      | Reached XP level 4. HP: 30/32 MP: 0/0
  2653 | D:2      | Noticed Robin
  2666 | D:2      | Slain by a goblin

Illustrated notes

Levels and vault maps discovered:
D:1:      lemuel_arrival_tunnels, layout_basic, basic_ecumenical_altar,
          chequers_big_river, amcnicky_mini_corridor_feature,
          minmay_fountain_box, minmay_hexomino_u4
D:2:      layout_basic, basic_altar, dk_noncrumbling_2,
          kennysheep_big_empty_room, moated_statue, serial_park_tiny_2,
          minmay_misc_feat_tiny, chequers_arboretum, grunt_ministairs_4,
          uniq_robin

Skill      XL: |  1  2  3 |
---------------+----------+-----
Spellcasting   | 3 |  3.4
Fighting       | 1 |  1.6
Stealth        | 2 |  2.2
Long Blades    | 1 |  1.3
Dodging        | |  2.1

Action                   |  1- 3 |  4- 6 || total
-------------------------+-------+-------++-------
Melee: Dagger            |     4 |     2 ||     6
 Cast: Shock             |    85 |    22 ||   107
       Static Discharge  |       |     2 ||     2
Armor: Robe              |     5 |     1 ||     6
Dodge: Dodged            |     9 |     7 ||    16

Table legend: (Time is in decaauts)
 A = Elapsed time spent in this place.
 B = Non-inter-level travel time spent in this place.
 C = Inter-level travel time spent in this place.
 D = Time resting spent in this place.
 E = Time spent auto-exploring this place.
 F = Levels seen in this place.
 G = Mean time per level.
                   A        B        C        D        E       F      G
               +--------+--------+--------+--------+--------+-----+--------+
         Total |   2665 |   2586 |     79 |    295 |   2112 |   2 | 1332.5 |
       Dungeon |   2665 |   2586 |     79 |    295 |   2112 |   2 | 1332.5 |
               +--------+--------+--------+--------+--------+-----+--------+

Top non-repeatable levels by time:
     D:1: 1845 daAuts
     D:2: 819 daAuts
